 Dungeon Crawl Stone Soup version 0.31.0-32-g396128a36d (webtiles) character file.

Game seed: 8620543426178601954

84 Peloso the Covered (level 4, -4/40 HPs)
             Began as a Minotaur Fighter on Mar 25, 2024.
             Slain by a gnoll
             ... wielding a +0 flail
              (6 damage)
             ... on level 1 of the Dungeon.
             The game lasted 00:01:59 (1006 turns).

Peloso the Covered (Minotaur Fighter)               Turns: 1006, Time: 00:02:00

Health: -4/40      AC: 10    Str: 20    XL:     4   Next: 24%
Magic:  3/3        EV:  7    Int:  5    God:
Gold:   55         SH:  5    Dex: 12    Spells: 3/3 levels left

rFire   . . .        a - +0 long sword
rCold   . . .        d - +0 buckler
rNeg    . . .        c - +0 chain mail
rPois   .            (helmet restricted)
rElec   .            (no cloak)
rCorr   .            (no gloves)
SInv    .            i - +0 pair of boots
Will    .....        (no amulet) Stlth
                     (no ring)
HPRegen 0.26/turn    (no ring)
MPRegen 0.08/turn

%: no passive effects
@: no status effects
A: horns 2, retaliatory headbutt
a: no special abilities


You were on level 1 of the Dungeon.
You visited 1 branch of the dungeon, and saw 2 of its levels.

You collected 55 gold pieces.

Inventory:

Hand Weapons
 a - a +0 long sword (weapon)
Armour
 b - a +0 scale mail
 c - a +0 chain mail (worn)
 d - a +0 buckler (worn)
 i - a +0 pair of boots (worn)
Jewellery
 l - a ring of protection from fire
Scrolls
 f - 3 scrolls of identify {unknown}
 j - a scroll of enchant weapon {unknown}
 m - a scroll of brand weapon {unknown}
 n - a scroll of teleportation {unknown}
Potions
 e - a potion of degeneration {unknown}
 g - a potion of might
 h - a potion of haste {unknown}
 k - a potion of heal wounds {unknown}


   Skills:
 + Level 4.2 Fighting
 + Level 3.9 Long Blades
 + Level 4.3 Armour
 + Level 0.1 Dodging
 + Level 4.2 Shields


You had 3 spell levels left.
You didn't know any spells.
Your spell library was empty.

Dungeon Overview and Level Annotations

Branches:
Dungeon (2/15)

Altars:


Innate Abilities, Weirdness & Mutations

You have a pair of horns on your head.
You reflexively headbutt those who attack you in melee.


Message History

You closely miss the goblin.
The goblin is moderately wounded.
The goblin closely misses you.
You hit the goblin. You headbutt the goblin.
You kill the goblin!
You closely miss the gnoll. Your headbutt misses the gnoll.
The gnoll is heavily wounded.
The gnoll closely misses you.
You barely miss the gnoll.
The gnoll is heavily wounded.
The gnoll hits you with a +0 club. The gnoll closely misses you.
You slash the gnoll!
You kill the gnoll!
The gnoll hits you but does no damage.
You barely miss the gnoll. The gnoll barely misses you.
You hit the gnoll.
The gnoll is lightly wounded.
The gnoll hits you with a +0 flail.
You barely miss the gnoll.
The gnoll is lightly wounded.
The gnoll hits you with a +0 flail!
* * * LOW HITPOINT WARNING * * *
The rat twitches its whiskers.
The gnoll hits you but does no damage.
You climb upwards.
There is a stone staircase leading down here.
You barely miss the gnoll.
The gnoll is lightly wounded.
The gnoll hits you with a +0 flail.
* * * LOW HITPOINT WARNING * * *
The gnoll hits you with a +0 flail.
* * * LOW HITPOINT WARNING * * *
You barely miss the gnoll.
The gnoll is lightly wounded.
The gnoll hits you with a +0 flail.
* * * LOW HITPOINT WARNING * * *
You slash the gnoll!
The gnoll is severely wounded.
The gnoll hits you with a +0 flail.
You die...

.#...................#.###......#
##.........##.[.###..#.###..#....
##..###.#.#..#####.##.##...#...#
##..###.........##..##.##.......#
...###..#........#..##....#..##.#
#####..#..............).........#
# ##.##....)......).)...........
#..##.......g....#.......|....
#.###........@..###...........
##.# #..........###............
##..####.......................#
##................####..).......#
...#####..........# #..........#
..######..........# #..........#
............^.....####..........#
########............####..#######
##........##.####..#####


You could see a gnoll.

Vanquished Creatures
  Jessica (D:2)
  A gnoll (D:2)
  2 dart slugs
  A ribbon worm (D:2)
  2 ball pythons
  3 bats
  4 endoplasms
  2 giant cockroaches (D:2)
  6 goblins
  3 hobgoblins
  A quokka (D:1)
  4 frilled lizards
  4 kobolds (D:1)
  8 rats
42 creatures vanquished.

Notes
Turn   | Place    | Note
-------+----------+-------------------------------------------
     0 | D:1      | Peloso the Minotaur Fighter began the quest for the Orb.
     0 | D:1      | Reached XP level 1. HP: 19/19 MP: 0/0
   100 | D:1      | Reached XP level 2. HP: 27/27 MP: 1/1
   568 | D:1      | Reached XP level 3. HP: 33/33 MP: 2/2
   757 | D:2      | Noticed Jessica
   763 | D:2      | Killed Jessica
   861 | D:2      | Reached XP level 4. HP: 40/40 MP: 3/3
  1005 | D:1      | HP: 2/40 [gnoll/+0 flail (2)]
  1006 | D:1      | Slain by a gnoll

Illustrated notes

Levels and vault maps discovered:
D:1:      dreamdust_arrival_sigmund_warning, layout_rooms
D:2:      layout_loops_cross, uniq_jessica

Skill      XL: |  1  2  3 |
---------------+----------+-----
Fighting       | 4 |  4.2
Armour         | 4 |  4.3
Shields        | 4 |  4.2
Long Blades    | 3 |  3.9
Dodging        | |  0.1

Action                     |  1- 3 |  4- 6 || total
---------------------------+-------+-------++-------
  Melee: Long sword        |    67 |    20 ||    87
         Headbutt          |    12 |     2 ||    14
 Armour: Scale mail        |    19 |       ||    19
         Chain mail        |    40 |    20 ||    60
  Dodge: Dodged            |    37 |     9 ||    46
  Block: Buckler           |    25 |     8 ||    33
